 Dungeon Sprint DCSS version 0.18-a0-1147-g8e8348b (webtiles) character file.

67201 pipel the Executioner (level 14, -9/159 HPs)
             Began as a Deep Dwarf Berserker on Jan 22, 2016.
             Was an Elder of Makhleb.
             Mangled by an emperor scorpion (11 damage)
             ... in the Dungeon (Sprint IX: "|||||||||||||||||||||||||||||").
             The game lasted 00:21:17 (2323 turns).

pipel the Executioner (Deep Dwarf Berserker)        Turns: 2323, Time: 00:21:19

Health: -9/159     AC: 19    Str: 27    XL:     14   Next: 82%
Magic:  24/24      EV: 23    Int: 10    God:    Makhleb [****..]
Gold:   372        SH:  0    Dex: 15    Spells: 1 memorised, 11 levels left

rFire  + . .     SeeInvis +     a - +8 executioner's axe (flame)
rCold  . . .     Gourm    .     x - +4 swamp dragon armour of Hospitality {rPois Str+3 Stlth+}
rNeg   + . .     Faith    .     (shield currently unavailable)
rPois  +         Spirit   .     W - +0 mask of the Dragon {MR+ Slay+3 SInv}
rElec  .         Dismiss  .     p - +0 cloak
rCorr  .         Reflect  .     q - +0 pair of gloves
SustAt .         Harm     .     I - +0 pair of boots
MR     +++..     NoTele   +     (no amulet)
Stlth  ++........               S - ring of protection from fire
                                s - +3 ring of dexterity

@: lethally poisoned (-9 -> -37), non-regenerating, extremely resistant to
hostile enchantments, unstealthy
A: damage resistance, recharge devices, negative energy resistance 1, sense
surroundings 2, slow regeneration 3
a: Device Recharging, Minor Destruction, Lesser Servant of Makhleb, Major
Destruction, Renounce Religion


You were in the Dungeon.
You worshipped Makhleb.
Makhleb was greatly pleased with you.
You were not hungry.

You visited 1 branch You collected 1951 gold pieces.
You spent 1579 gold pieces at shops.

Inventory:

Hand Weapons
 a - a +8 executioner's axe of flaming (weapon)
 Q - the +9 glaive "Loaris" {speed, *Rage +Rage rF+++ Dex-5}
   (You bought it in a shop in the Dungeon)

   Attacks with this weapon are significantly faster.
   It affects your dexterity (-5).
   It renders you almost immune to fire.
   It lets you go berserk.
   It may make you go berserk in combat.
 Y - a +1 battleaxe of freezing
Armour
 p - a +0 cloak (worn)
 q - a +0 pair of gloves (worn)
 r - a +3 fire dragon armour
 u - a +0 gold dragon armour
 x - the +4 swamp dragon armour of Hospitality (worn) {rPois Str+3 Stlth+}
   (You found it in the Dungeon)

   It affects your strength (+3).
   It protects you from poison.
   It makes you more stealthy.
 I - a +0 pair of boots (worn)
 V - a +1 cloak
 W - the +0 mask of the Dragon (worn) {MR+ Slay+3 SInv}
   (You found it in the Dungeon)

   It affects your accuracy and damage with ranged weapons and melee attacks
   (+3).
   It affects your resistance to hostile enchantments.
   It lets you see invisible.
 X - a +2 plate armour
Magical Staves
 n - an uncursed staff of energy
Jewellery
 b - a +6 ring of dexterity
 o - a +4 ring of protection
 s - a +3 ring of dexterity (left hand)
 t - a +3 ring of dexterity
 J - an uncursed ring of protection from magic
 S - a ring of protection from fire (right hand)
 T - an uncursed ring of fire
 U - an uncursed ring of protection from magic
Wands
 c - a wand of heal wounds (4/9)
 m - a wand of draining (7/15)
 K - a wand of hasting (2/9)
Scrolls
 j - 4 scrolls of blinking
 l - 4 scrolls of remove curse
 y - 4 scrolls of recharging
 A - a scroll of fear
 B - a scroll of fog
 C - 2 scrolls of amnesia
 D - 3 scrolls of identify
 Z - 4 scrolls of enchant armour
Potions
 e - 13 potions of curing
 f - 13 potions of heal wounds
 g - 2 potions of haste
 h - 4 potions of magic
 i - 2 potions of berserk rage
 k - 2 potions of invisibility
 v - 2 potions of might
 w - 2 potions of resistance
 L - a potion of flight {unknown}
 N - a potion of cure mutation
 O - a potion of brilliance
 R - a potion of ambrosia {unknown}
Books
 M - a book of Minor Magic

   Spells                             Type                      Level
   a - Magic Dart                     Conjuration                  1
   b - Blink                          Translocation                2
   c - Call Imp                       Summoning                    2
   d - Repel Missiles                 Charms/Air                   2
   e - Slow                           Hexes                        2
   f - Conjure Flame                  Conjuration/Fire             3
   g - Mephitic Cloud                 Conjuration/Poison/Air       3
 P - a book of Spatial Translocations

   Spells                             Type                      Level
   a - Apportation                    Translocation                1
   b - Blink                          Translocation                2
   c - Shroud of Golubria             Charms/Translocation         2
   d - Portal Projectile              Translocation                3
   e - Teleport Other                 Translocation                3
   f - Passage of Golubria            Translocation                4
Comestibles
 d - 12 bread rations
 F - 40 fruits
 G - 12 meat rations


   Skills:
 + Level 19.3 Fighting
 + Level 26.0 Axes
 + Level 12.2 Armour
 + Level 18.9 Dodging
 - Level 1.5 Stealth
 - Level 5.0 Translocations
 - Level 17.3 Invocations
 - Level 4.2 Evocations


You had 11 spell levels left.
You knew the following spells:

 Your Spells              Type           Power        Failure   Level  Hunger
a - Blink                 Tloc           N/A          12%         2    ###....


Dungeon Overview and Level Annotations

Branches:
Dungeon (1/1)

Altars:
Cheibriados
Dithmenos
Elyvilon
Fedhas
Gozag
Kikubaaqudgha
Makhleb
Nemelex Xobeh
Okawaru
Pakellas
Qazlal
Ru
Sif Muna
Trog
Vehumet
Xom
Yredelemnul
Zin
The Shining One
Beogh
Jiyva
Lugonu

Shops:
D !:**


Innate Abilities, Weirdness & Mutations

You are resistant to damage.
You can recharge devices by infusing magical energy.
You resist negative energy.
You passively map the area around you.
You do not regenerate naturally.


Message History

The emperor scorpion completely misses you.
The emperor scorpion misses you.
You take 20 damage, and have 4/159 hp.
Evoke which item? (* to show all) (? for menu, Esc to quit)
Zapping:
c - a wand of heal wounds (5/9)
Press: ? - help, Shift-Dir - straight line, f - you You feel much better.
This wand has 4 charges left.
The emperor scorpion closely misses you.
The emperor scorpion claws you. x2
The emperor scorpion misses you.
The emperor scorpion claws you but does no damage.
The emperor scorpion closely misses you.
You regained 18 hp, and now have 22/159 hp.
Unknown command.
You hit the emperor scorpion but do no damage.
The emperor scorpion is severely wounded.
The emperor scorpion stings you!!
* * * LOW HITPOINT WARNING * * *
You are lethally poisoned!
The emperor scorpion poisons you! The emperor scorpion claws you!
You die...

*,,,,,,,+,,,,,,,,,,,,
*,*******************
*,,,,,,,,,,,,,,,,,,,,
*********************
*,,,,,,,,,,+,,,,,,,,,
*,*******************
*,,,,,,,,,,,,,,,,,,,,
▓▓▓▓▓▓▓▓▓▓▓▓▓▓▓******
▓...@sysyss..s.,,,,,,
▓.▓▓▓▓▓▓▓▓▓▓▓▓▓▓▓▓▓▓▓
▓....................
▓▓▓▓▓▓▓▓▓▓▓▓▓▓▓▓▓▓▓▓▓
▓............'.=[..".
▓.▓▓▓▓▓▓▓▓▓▓▓▓▓▓▓▓▓▓▓
▓....................
▓▓▓▓▓▓▓▓▓▓▓▓▓▓▓▓▓▓▓▓▓
▓................§())


You could see 2 emperor scorpions, a demonic crawler, a wolf spider and 2 moths
of wrath.

Vanquished Creatures
  Jory (D)
  Gastronok (D)
  A sphinx (D)
  A greater naga (D)
  A fire giant (D)
  3 emperor scorpions (D)
  A frost giant (D)
  Donald (D)
  2 stone giants (D)
  A very ugly thing (D)
  An ettin (D)
  A merfolk impaler (D)
  2 fire dragons (D)
  6 great orbs of eyes (D)
  4 yaktaur captains (D)
  A rakshasa (D)
  An entropy weaver (D)
  2 hydras (D)
  Harold (D)
  2 ice dragons (D)
  3 centaur warriors (D)
  A death knight (D)
  3 alligators (D)
  A deep troll shaman (D)
  A deep troll earth mage (D)
  A shock serpent (D)
  2 naga sharpshooters (D)
  10 orc high priests (D)
  2 unseen horrors (D)
  2 skeletal warriors (D)
  A giant orange brain (D)
  A necromancer (D)
  A harpy (shapeshifter) (D)
  A deep elf mage (D)
  8 orc knights (D)
  2 harpies (D)
  A hill giant (D)
  A mana viper (D)
  2 ugly things (D)
  A griffon (D)
  A manticore (D)
  A hornet (D)
  A cyclops (D)
  An elephant (D)
  A vault sentinel (D)
  2 black mambas (D)
  2 naga magi (D)
  5 spiny frogs (D)
  A gargoyle (D)
  3 demonic crawlers (D)
  A komodo dragon (D)
  2 yaktaurs (D)
  3 blink frogs (D)
  A jumping spider (D)
  3 merfolk (D)
  A boulder beetle (D)
  2 bog bodies (D)
  A snapping turtle (D)
  A shadow (D)
  2 redbacks (D)
  3 tarantellas (D)
  A yak (shapeshifter) (D)
  Eustachio (D)
  A yak (D)
  2 hippogriffs (D)
  2 vampire mosquitoes (D)
  A wolf (D)
  A porcupine (D)
  14 orc warriors (D)
  A sky beast (D)
  A centaur (D)
  4 crocodiles (D)
  2 giant frogs (D)
  A crimson imp (D)
  A hound (D)
  3 orc priests (D)
  2 jellies (D)
  2 orc wizards (D)
  3 iguanas (D)
  A sheep (D)
  An adder (D)
  A river rat (D)
  An adder simulacrum (D)
  5 orcs (D)
  A bat skeleton (D)
  A bat zombie (D)
  A giant cockroach (D)
  A hobgoblin (D)
  2 bats (D)
  A kobold (D)
176 creatures vanquished.

Vanquished Creatures (collateral kills)
  An unseen horror (D)
  2 giant leeches (D)
  A blink frog (D)
  A bat skeleton (D)
5 creatures vanquished.

Vanquished Creatures (others)
  An ironbrand convoker (D)
  A deep elf mage (D)
  A hill giant (D)
3 creatures vanquished.

Grand Total: 184 creatures vanquished

Notes
Turn   | Place    | Note
--------------------------------------------------------------
     0 | D        | pipel the Deep Dwarf Berserker began the quest for the Orb.
     0 | D        | Reached XP level 1. HP: 20/20 MP: 1/1
    12 | D        | Reached ** piety under Trog
    14 | D        | Reached skill level 4 in Axes
    50 | D        | Noticed a crimson imp
    50 | D        | Noticed a jelly
    55 | D        | Killed a crimson imp
    55 | D        | Reached *** piety under Trog
    55 | D        | Reached skill level 5 in Axes
    55 | D        | Reached XP level 2. HP: 28/31 MP: 2/2
    55 | D        | Reached XP level 3. HP: 33/37 MP: 3/3
    59 | D        | Reached skill level 5 in Fighting
    59 | D        | Reached skill level 6 in Axes
    62 | D        | Reached XP level 4. HP: 38/46 MP: 4/4
    69 | D        | Found a glowing silver altar of Zin.
    69 | D        | Found a glowing golden altar of the Shining One.
    69 | D        | Found an ancient bone altar of Kikubaaqudgha.
    69 | D        | Found a basalt altar of Yredelemnul.
    69 | D        | Found a shimmering altar of Xom.
    69 | D        | Found a radiant altar of Vehumet.
    70 | D        | Found an iron altar of Okawaru.
    71 | D        | Found a burning altar of Makhleb.
    72 | D        | Found a deep blue altar of Sif Muna.
    73 | D        | Found a bloodstained altar of Trog.
    74 | D        | Found a sparkling altar of Nemelex Xobeh.
    75 | D        | Found a white marble altar of Elyvilon.
    76 | D        | Found a roughly hewn altar of Beogh.
    77 | D        | Found a viscous altar of Jiyva.
    78 | D        | Found a corrupted altar of Lugonu.
    79 | D        | Found a blossoming altar of Fedhas.
    80 | D        | Found a snail-covered altar of Cheibriados.
    81 | D        | Found a shadowy altar of Dithmenos.
    82 | D        | Found a stormy altar of Qazlal.
    83 | D        | Found an opulent altar of Gozag.
    84 | D        | Found a sacrificial altar of Ru.
    85 | D        | Found an oddly glowing altar of Pakellas.
   138 | D        | Noticed a gargoyle
   138 | D        | Noticed a sky beast
   138 | D        | Noticed a yak
   140 | D        | Reached **** piety under Trog
   140 | D        | Reached skill level 1 in Stealth
   149 | D        | Killed a gargoyle
   149 | D        | Reached skill level 8 in Fighting
   149 | D        | Reached skill level 9 in Axes
   149 | D        | Reached XP level 5. HP: 52/60 MP: 5/5
   149 | D        | Reached XP level 6. HP: 58/68 MP: 6/6
   156 | D        | Killed an unseen horror
   156 | D        | Reached skill level 11 in Axes
   156 | D        | Reached skill level 5 in Armour
   156 | D        | Reached XP level 7. HP: 41/78 MP: 7/7
   162 | D        | Reached skill level 10 in Fighting
   166 | D        | Killed a yak
   179 | D        | Noticed a vampire mosquito
   192 | D        | Reached XP level 8. HP: 35/87 MP: 8/8
   197 | D        | Reached ***** piety under Trog
   197 | D        | Reached skill level 12 in Axes
   320 | D        | Got the +4 swamp dragon armour of Hospitality {rPois Str+3 Stlth+}
   343 | D        | Noticed a blink frog
   343 | D        | Noticed a spiny frog
   349 | D        | Received a gift from Trog
   354 | D        | Killed a blink frog
   354 | D        | Reached skill level 13 in Axes
   362 | D        | Killed a spiny frog
   365 | D        | Gained mutation: You passively map the area around you. [Deep Dwarf growth]
   365 | D        | Reached XP level 9. HP: 90/97 MP: 9/9
   386 | D        | Noticed an elephant
   386 | D        | Noticed a spiny frog
   387 | D        | Noticed a spiny frog
   394 | D        | Noticed a komodo dragon
   396 | D        | Reached skill level 14 in Axes
   400 | D        | Killed an elephant
   400 | D        | Reached ****** piety under Trog
   400 | D        | Reached skill level 10 in Dodging
   412 | D        | Received a gift from Trog
   424 | D        | Killed a spiny frog
   427 | D        | Killed a spiny frog
   429 | D        | Killed a komodo dragon
   429 | D        | Reached skill level 15 in Axes
   458 | D        | Noticed a giant leech
   458 | D        | Noticed a giant leech
   458 | D        | Noticed a spiny frog
   459 | D        | Noticed a spiny frog
   463 | D        | Reached XP level 10. HP: 91/108 MP: 8/10
   467 | D        | Received a gift from Trog
   491 | D        | Killed a spiny frog
   501 | D        | Killed a spiny frog
   501 | D        | Reached skill level 16 in Axes
   644 | D        | Fell from the grace of Trog
   644 | D        | Became a worshipper of Makhleb the Destroyer
   806 | D        | Got the +3 whip of the Forsaken Lies {flame, MP+9}
   916 | D        | Noticed an orc high priest
   922 | D        | Reached * piety under Makhleb
   926 | D        | Reached ** piety under Makhleb
   931 | D        | Killed an orc high priest
   936 | D        | Reached *** piety under Makhleb
   945 | D        | Reached **** piety under Makhleb
   979 | D        | Noticed an orc high priest
   981 | D        | Reached skill level 1 in Invocations
   984 | D        | Reached ***** piety under Makhleb
   991 | D        | Noticed an orc knight
   995 | D        | Killed an orc high priest
   995 | D        | Reached skill level 17 in Axes
  1003 | D        | Killed an orc knight
  1003 | D        | Reached skill level 10 in Armour
  1003 | D        | Reached XP level 11. HP: 86/118 MP: 12/14
  1006 | D        | Reached ****** piety under Makhleb
  1006 | D        | Reached skill level 5 in Invocations
  1033 | D        | Found Nicvot's Distillery.
  1033 | D        | Noticed an orc high priest
  1033 | D        | Noticed an orc high priest
  1033 | D        | Noticed an orc high priest
  1033 | D        | Noticed an orc knight
  1033 | D        | Noticed an orc high priest
  1034 | D        | Noticed an orc knight
  1036 | D        | Killed an orc high priest
  1037 | D        | Found Biennih's Book Shoppe.
  1037 | D        | Noticed an orc knight
  1042 | D        | Killed an orc high priest
  1042 | D        | Reached skill level 18 in Axes
  1045 | D        | Killed an orc high priest
  1046 | D        | Noticed a sun demon
  1048 | D        | Noticed an orc knight
  1056 | D        | Killed an orc knight
  1060 | D        | Killed an orc high priest
  1062 | D        | Noticed an orc high priest
  1065 | D        | Killed an orc knight
  1071 | D        | Killed an orc knight
  1088 | D        | Killed an orc knight
  1088 | D        | Reached skill level 19 in Axes
  1096 | D        | Killed an orc high priest
  1106 | D        | Found Santiyxo's Assorted Antiques.
  1110 | D        | Found Cokhupt's Assorted Antiques.
  1112 | D        | Noticed an orc high priest
  1113 | D        | Noticed an orc high priest
  1114 | D        | Noticed an orc knight
  1115 | D        | Noticed an orc high priest
  1116 | D        | Killed an orc high priest
  1117 | D        | Bought a scroll labeled EDOIR OFIDIB for 22 gold pieces
  1117 | D        | Bought an inky potion for 19 gold pieces
  1121 | D        | Noticed a sun demon
  1128 | D        | Killed an orc high priest
  1136 | D        | Killed an orc knight
  1136 | D        | Reached skill level 10 in Invocations
  1140 | D        | Killed an orc high priest
  1140 | D        | Reached skill level 15 in Fighting
  1145 | D        | Bought a bronze wand for 88 gold pieces
  1145 | D        | Bought a scroll labeled OLLIOSS WUIX for 22 gold pieces
  1150 | D        | Bought a book of Minor Magic for 280 gold pieces
  1152 | D        | Bought a potion of cure mutation for 325 gold pieces
  1152 | D        | Bought a potion of brilliance for 52 gold pieces
  1152 | D        | Bought a potion of curing for 39 gold pieces
  1152 | D        | Bought a potion of heal wounds for 65 gold pieces
  1152 | D        | Bought a potion of heal wounds for 65 gold pieces
  1156 | D        | Bought a paperback book for 330 gold pieces
  1156 | D        | Bought a dazzling glaive for 253 gold pieces
  1156 | D        | Identified the +9 glaive "Loaris" {speed, *Rage +Rage rF+++ Dex-5} (You bought it in a shop in the Dungeon)
  1160 | D        | Bought a fuming amethyst potion for 19 gold pieces
  1177 | D        | Noticed Harold
  1185 | D        | Killed Harold
  1185 | D        | Reached XP level 12. HP: 72/130 MP: 19/19
  1203 | D        | Noticed Gastronok
  1217 | D        | HP: 4/130 [Gastronok (22)]
  1220 | D        | Killed Gastronok
  1220 | D        | Reached skill level 20 in Axes
  1220 | D        | Reached skill level 1 in Evocations
  1338 | D        | Noticed a centaur warrior
  1338 | D        | Noticed a centaur warrior
  1344 | D        | Noticed an ice dragon
  1353 | D        | Noticed a deep troll earth mage
  1353 | D        | Killed a centaur warrior
  1359 | D        | Killed a centaur warrior
  1365 | D        | Killed an ice dragon
  1368 | D        | Noticed an entropy weaver
  1370 | D        | Noticed a great orb of eyes
  1371 | D        | Killed a deep troll earth mage
  1372 | D        | Noticed an ettin
  1382 | D        | Killed an entropy weaver
  1385 | D        | Killed a great orb of eyes
  1385 | D        | Reached skill level 21 in Axes
  1388 | D        | Killed an ettin
  1475 | D        | Noticed Donald
  1483 | D        | Killed Donald
  1516 | D        | Noticed an eight-headed hydra
  1516 | D        | Noticed a seven-headed hydra
  1516 | D        | Noticed an alligator
  1516 | D        | Noticed an alligator
  1517 | D        | Noticed an alligator
  1521 | D        | Killed a three-headed hydra
  1523 | D        | Killed a five-headed hydra
  1523 | D        | Reached skill level 15 in Dodging
  1526 | D        | Killed an alligator
  1526 | D        | Reached XP level 13. HP: 95/141 MP: 21/21
  1551 | D        | Noticed a greater naga
  1559 | D        | Killed a greater naga
  1559 | D        | Reached skill level 22 in Axes
  1572 | D        | Reached skill level 15 in Invocations
  1586 | D        | Noticed a merfolk impaler
  1602 | D        | Killed a merfolk impaler
  1624 | D        | Learned a level 2 spell: Blink
  1644 | D        | Reached skill level 1 in Translocations
  1705 | D        | Noticed Eustachio
  1716 | D        | Killed Eustachio
  1775 | D        | Noticed a fire giant
  1775 | D        | Noticed a brown very ugly thing
  1782 | D        | Reached skill level 23 in Axes
  1795 | D        | Killed a fire giant
  1799 | D        | Killed a brown very ugly thing
  1812 | D        | Reached skill level 5 in Translocations
  1818 | D        | Noticed a frost giant
  1822 | D        | Noticed a fire dragon
  1824 | D        | Gained mutation: You resist negative energy. [Deep Dwarf growth]
  1824 | D        | Reached XP level 14. HP: 153/153 MP: 24/24
  1837 | D        | Noticed a stone giant
  1840 | D        | Killed a frost giant
  1840 | D        | Reached skill level 24 in Axes
  1841 | D        | Noticed a stone giant
  1862 | D        | Killed a stone giant
  1910 | D        | Noticed a stone giant
  1914 | D        | Noticed a sphinx
  1926 | D        | Killed a stone giant
  1931 | D        | Reached skill level 25 in Axes
  1948 | D        | Killed a sphinx
  2001 | D        | Noticed Jory
  2019 | D        | Killed Jory
  2276 | D        | Noticed an emperor scorpion
  2276 | D        | Noticed an emperor scorpion
  2276 | D        | Noticed an emperor scorpion
  2276 | D        | Noticed an emperor scorpion
  2283 | D        | Killed an emperor scorpion
  2288 | D        | Noticed an emperor scorpion
  2294 | D        | Killed an emperor scorpion
  2302 | D        | Killed an emperor scorpion
  2302 | D        | Reached skill level 26 in Axes
  2321 | D        | HP: 4/159 [emperor scorpion (20)]
  2323 | D        | Mangled by an emperor scorpion

Vault maps used:
D:        linesprint

Action                   |  1- 3 |  4- 6 |  7- 9 | 10-12 | 13-15 || total
-------------------------+-------+-------+-------+-------+-------++-------
Melee: Hand axe          |    18 |     1 |       |       |       ||    19
       Broad axe         |       |    13 |   105 |     1 |       ||   119
       Executioner's axe |       |       |       |   233 |   274 ||   507
Invok: Berserk           |     2 |     1 |     2 |       |       ||     5
       Trog's Hand       |       |     1 |     3 |       |       ||     4
       Brothers in Arms  |       |     1 |     1 |       |       ||     2
       Major Destruction |       |       |       |       |     4 ||     4
       Greater Servant o |       |       |       |       |     7 ||     7
 Abil: Device Recharging |       |       |       |     2 |       ||     2
Evoke: Wand              |       |       |       |     6 |     3 ||     9
  Use: Scroll            |       |       |       |     5 |     2 ||     7
       Potion            |       |       |       |       |     1 ||     1
 Stab: Sleeping          |       |       |     1 |       |       ||     1
       Distracted        |       |       |       |     1 |       ||     1
  Eat: Chunk             |       |       |     5 |     4 |     2 ||    11
       Bread ration      |       |       |       |       |     1 ||     1
